 Dungeon Crawl Stone Soup version 0.18.1-48-g4cf74bf (webtiles) character file.

8957 Krapule the Blocker (level 11, -5/77 HPs)
             Began as a Halfling Fighter on June 24, 2016.
             Was an Elder of Okawaru.
             Slain by an earth elemental (29 damage)
             ... summoned by a deep elf mage
             ... on level 10 of the Dungeon.
             The game lasted 00:52:30 (14995 turns).

Krapule the Blocker (Halfling Fighter)             Turns: 14995, Time: 00:52:32

Health: -5/77      AC: 16    Str: 19    XL:     11   Next: 65%
Magic:  16/16      EV: 18    Int:  7    God:    Okawaru [****..]
Gold:   389        SH: 14    Dex: 18    Spells: 0 memorised, 10 levels left

rFire  . . .     SeeInvis .     a - +0 long sword
rCold  . . .     Gourm    .     P - +5 ring mail of the Desert {Dex+3}
rNeg   + . .     Faith    .     y - +2 shield
rPois  .         Spirit   .     k - +0 helmet
rElec  .         Dismiss  .     (no cloak)
rCorr  .         Reflect  .     l - +0 pair of gloves
SustAt .         Harm     .     e - +0 pair of boots
MR     +....                    (no amulet)
Stlth  +.........               A - ring of positive energy
                                p - ring of protection from magic

@: somewhat resistant to hostile enchantments, very unstealthy
A: mutation resistance 1
a: Heroism, Renounce Religion


You were on level 10 of the Dungeon.
You worshipped Okawaru.
Okawaru was greatly pleased with you.
You were near starving.

You visited 3 branches of the dungeon, and saw 12 of its levels.

You collected 858 gold pieces.
You spent 469 gold pieces at shops.

Inventory:

Hand Weapons
 a - a +0 long sword (weapon)
Armour
 e - a +0 pair of boots (worn)
 k - a +0 helmet (worn)
 l - a +0 pair of gloves (worn)
 y - a +2 shield (worn)
 E - a +1 chain mail of cold resistance
 P - the +5 ring mail of the Desert (worn) {Dex+3}
   (You bought it in a shop on level 4 of the Dungeon)

   It affects your dexterity (+3).
Rods
 T - a +0 rod of ignition (9/9)
   (You took it off an orc priest on level 9 of the Dungeon)
Jewellery
 p - a ring of protection from magic (left hand)
 A - a ring of positive energy (right hand)
 H - an uncursed ring of stealth
Wands
 b - a wand of lightning (6/15)
 D - a wand of flame (13/48)
 K - a wand of enslavement (14/24)
 L - a wand of paralysis (3/24)
 S - a wand of flame (21/48)
 U - a wand of iceblast (12/15)
Scrolls
 i - 3 scrolls of remove curse
 o - 2 scrolls of immolation {unknown}
 q - 2 scrolls of fog {unknown}
 r - 5 scrolls of enchant weapon {unknown}
 t - a scroll of amnesia {unknown}
 u - 2 scrolls of recharging {unknown}
 x - a scroll of noise {unknown}
 z - a scroll of teleportation {unknown}
 B - 2 scrolls of fear
 C - 2 scrolls of enchant armour {unknown}
 J - 4 scrolls of random uselessness {unknown}
Potions
 c - 4 potions of brilliance
 d - 3 potions of might
 g - a potion of beneficial mutation
 h - a potion of curing
 j - a potion of flight {unknown}
 m - a potion of ambrosia
 n - a potion of lignification
 v - 2 potions of berserk rage
 w - a potion of haste
 F - a potion of cure mutation
 M - a potion of magic
 N - 2 potions of agility
Comestibles
 f - 10 bread rations
 s - 3 meat rations
 I - a beef jerky
 O - a slice of pizza
 Q - 24 fruits
 R - a royal jelly


   Skills:
 + Level 8.1 Fighting
 - Level 3.0 Long Blades
 + Level 9.3 Armour
 + Level 8.5 Dodging
 + Level 9.4 Shields
 + Level 7.1 Invocations


You had 10 spell levels left.
You didn't know any spells.

Dungeon Overview and Level Annotations

Branches:
Dungeon (10/15)            Temple (1/1) D:5            Lair (0/8) D:9
    Orc (1/2) D:9

Altars:
Cheibriados
Dithmenos
Fedhas
Gozag
Kikubaaqudgha
Makhleb
Nemelex Xobeh
Okawaru
Qazlal
Ru
Vehumet
Yredelemnul
Zin
The Shining One

Shops:
D:4 [*=}   D:7 *   D:8 ?   D:9 ?   Orc:1 (

Annotations:
D:3 Sigmund
D:5 kolakolka's ghost, novice NaVM


Innate Abilities, Weirdness & Mutations

You are small and have problems with some larger weapons.
You are somewhat resistant to further mutation.


Message History

You closely miss the deep elf mage.
The deep elf mage is lightly wounded.
The deep elf mage mumbles some strange words.
You block the deep elf mage's attack.
You hit the deep elf mage but do no damage.
The deep elf mage is lightly wounded.
The deep elf mage hits you but does no damage.
You slash the deep elf mage!
The deep elf mage is moderately wounded.
The deep elf mage casts a spell at you. The bolt of magma hits you!
The bolt of magma hits the earth elemental.
The earth elemental partially resists.
The earth elemental misses you.
You slash the deep elf mage!
The deep elf mage is heavily wounded.
The deep elf mage gestures at you while chanting.
The bolt of magma hits you!
The bolt of magma hits the earth elemental.
The earth elemental partially resists.
The earth elemental hits you!!
You die...

.......#.............#####.#
.......+..##'#+###...# .#.#
.......#..#......#..[#...#.#
.......#..#......#...#...#.#
.......#..#......#...#'###.#
.......#..#......#.........#
########..#......#........).
.<........########.......###
...............E@eE......#
......#############......###
......#...........#.........
......#...........'.........
......#...........#.........
+######...#####...#.........
......†...#...#...#.........
..........#...#...#.........
..........+...#e.Y#.......##


You could see 2 earth elementals and a deep elf mage.

Vanquished Creatures
  Erolcha (D:8)
  A hill giant (D:10)
  A two-headed ogre (Orc:1)
  A troll (D:10)
  A slime creature (D:10)
  2 yaks
  A wyvern (D:8)
  4 wargs
  2 water moccasins (D:9)
  5 orc warriors
  4 black bears
  3 sky beasts
  5 ice beasts
  4 phantoms
  2 necrophages (D:10)
  7 ogres
  4 centaurs
  2 big kobolds
  8 giant frogs
  3 scorpions
  2 wyvern skeletons
  10 killer bees
  2 wights (D:10)
  A howler monkey (D:6)
  2 crimson imps
  2 giant frog zombies
  3 hounds
  11 orc priests
  A giant frog skeleton (D:5)
  A jelly (D:7)
  13 orc wizards
  3 centaur skeletons
  Natasha (twice) (D:4 D:3)
  4 iguanas
  4 worker ants
  A hound zombie (D:7)
  A hound skeleton (D:9)
  A howler monkey zombie (D:5)
  A worker ant zombie (D:6)
  A gnoll (D:1)
  A howler monkey skeleton (D:9)
  12 adders
  8 shadow imps
  An ooze (D:5)
  3 adder zombies
  4 adder skeletons
  7 worms
  2 dart slugs
  3 giant geckos
  22 orcs
  5 bats
  8 giant cockroaches
  8 goblins
  10 hobgoblins
  16 jackals
  14 kobolds
  4 quokkas
  A ball python (D:4)
  A giant gecko zombie (D:6)
  10 giant newts
  A jackal skeleton (D:7)
  6 rats
274 creatures vanquished.

Notes
Turn   | Place    | Note
--------------------------------------------------------------
     0 | D:1      | Krapule the Halfling Fighter began the quest for the Orb.
     0 | D:1      | Reached XP level 1. HP: 15/15 MP: 1/1
   315 | D:1      | Reached XP level 2. HP: 20/20 MP: 2/2
   432 | D:1      | Reached XP level 3. HP: 24/26 MP: 3/3
   974 | D:1      | Reached skill level 1 in Dodging
  1080 | D:2      | Reached XP level 4. HP: 31/31 MP: 4/4
  1598 | D:2      | Reached XP level 5. HP: 30/36 MP: 5/5
  2258 | D:3      | Found a shadowy altar of Dithmenos.
  2694 | D:3      | Noticed Sigmund
  2709 | D:4      | Noticed Natasha
  2739 | D:3      | Noticed a sky beast
  2756 | D:3      | Killed a sky beast
  2756 | D:3      | Reached XP level 6. HP: 16/43 MP: 6/6
  3232 | D:4      | Killed Natasha
  3302 | D:4      | Found a radiant altar of Vehumet.
  3409 | D:4      | Found Piggial's Armour Boutique.
  3560 | D:4      | Noticed Natasha
  3578 | D:3      | Killed Natasha
  3634 | D:4      | Reached XP level 7. HP: 48/48 MP: 7/7
  3646 | D:4      | Reached skill level 5 in Shields
  3660 | D:4      | Found Xayteiz's Assorted Antiques.
  3754 | D:4      | Found Woabeq's Jewellery Boutique.
  3826 | D:4      | Reached skill level 5 in Armour
  3921 | D:4      | Found Nanamap's Gadget Shoppe.
  4304 | D:5      | Entered Level 5 of the Dungeon
  4628 | D:5      | Reached XP level 8. HP: 53/54 MP: 8/8
  4827 | D:5      | Found a staircase to the Ecumenical Temple.
  4827 | D:5      | Noticed kolakolka's ghost (novice NaVM)
  5232 | D:5      | Reached skill level 5 in Fighting
  5504 | D:5      | Reached skill level 5 in Dodging
  5935 | Temple   | Entered the Ecumenical Temple
  5947 | Temple   | Became a worshipper of Warmaster Okawaru
  6056 | D:5      | Paralysed by an orc wizard for 2 turns
  6249 | D:6      | Reached XP level 9. HP: 61/61 MP: 9/9
  6267 | D:6      | Reached skill level 1 in Invocations
  7039 | D:7      | Reached * piety under Okawaru
  7058 | D:7      | Found Zuofreid's General Store.
  7127 | D:7      | Bought a scroll of identify for 22 gold pieces
  7881 | D:7      | Reached ** piety under Okawaru
  8159 | D:4      | Bought the +5 ring mail of the Desert {Dex+3} for 423 gold pieces
  8520 | D:8      | Reached XP level 10. HP: 69/69 MP: 12/12
  8585 | D:8      | Found a stormy altar of Qazlal.
  8814 | D:8      | Found Ceocwof's Magic Scroll Shoppe.
  8836 | D:8      | Bought a scroll of identify for 24 gold pieces
  9247 | D:8      | Noticed Erolcha
  9275 | D:8      | Killed Erolcha
  9312 | D:8      | Reached skill level 5 in Invocations
  9566 | D:8      | Reached *** piety under Okawaru
  9770 | D:9      | Found Vompogre's Magic Scroll Shop.
 10567 | D:9      | Found a staircase to the Orcish Mines.
 10644 | D:9      | Found a staircase to the Lair.
 11082 | D:9      | Reached XP level 11. HP: 62/75 MP: 15/15
 11343 | D:9      | Found a sparkling altar of Nemelex Xobeh.
 11383 | D:9      | Found a glowing golden altar of the Shining One.
 11539 | D:9      | Found an ancient bone altar of Kikubaaqudgha.
 11563 | D:9      | Found an opulent altar of Gozag.
 11687 | D:9      | Found a sacrificial altar of Ru.
 11739 | D:9      | Found a snail-covered altar of Cheibriados.
 12459 | Orc:1    | Entered Level 1 of the Orcish Mines
 12475 | D:9      | Reached **** piety under Okawaru
 13589 | Orc:1    | Found Neoxzov's Weapon Shop.
 13791 | D:10     | Entered Level 10 of the Dungeon
 13814 | D:10     | Noticed a hill giant
 13832 | D:10     | Killed a hill giant
 14957 | D:10     | Noticed a deep elf mage
 14995 | D:10     | Slain by an earth elemental

Skill      XL: |  1  2  3  4  5  6  7  8  9 10 11 |
---------------+----------------------------------+-----
Fighting       | 3 4 5 6 7 8 |  8.1
Dodging        | 1 2 3 5 6 7 8 |  8.5
Shields        | 4 5 6 7 8 9 |  9.4
Armour         | 4 5 6 7 8 9 |  9.3
Long Blades    | 3 |  3.0
Invocations    | 3 5 7 |  7.1

Action                   |  1- 3 |  4- 6 |  7- 9 | 10-12 || total
-------------------------+-------+-------+-------+-------++-------
Melee: Long sword        |    87 |   288 |   660 |   982 ||  2017
Invok: Heroism           |       |       |       |     7 ||     7
Evoke: Wand              |       |       |       |     5 ||     5
  Use: Scroll            |       |       |     9 |     4 ||    13
       Potion            |       |       |       |     1 ||     1
  Eat: Chunk             |     1 |     8 |    11 |    23 ||    43
       Fruit             |       |       |     5 |       ||     5
       Pizza             |       |       |     1 |       ||     1
Armor: Scale mail        |    48 |   109 |    87 |       ||   244
       Chain mail        |       |       |   207 |       ||   207
       Ring mail         |       |       |     5 |   209 ||   214
Dodge: Dodged            |    40 |   119 |   234 |   525 ||   918
Block: Shield            |    61 |   144 |   516 |   806 ||  1527
